 Dungeon Crawl Stone Soup version 0.14-a0-1585-g835621a (webtiles) character file.

9317 Piginabag the Quickloader (level 11, -3/65 HPs)
             Began as a Formicid Hunter on Dec 22, 2013.
             Was a Believer of Cheibriados.
             Slain by a two-headed ogre
             ... wielding a +0,+0 giant club
              (12 damage)
             ... on Level 9 of the Dungeon.
             The game lasted 00:49:34 (9122 turns).

Piginabag the Quickloader (Formicid Hunter)         Turns: 9122, Time: 00:49:34

HP  -3/65        AC  8     Str 23      XL: 11   Next: 87%
MP  16/16        EV 15     Int 17      God: Cheibriados [**....]
Gold 774         SH 20     Dex 21      Spells:  0 memorised, 10 levels left

rFire  . . .     SeeInvis +     A - +1,-1 great sword
rCold  . . .     Clarity  .     P - +4 leather armour of the Ego {Dex+4 Int+3 Dam+4}
rNeg   . . .     Conserve .     C - +0 shield
rPois  x         rCorr    .     (helmet unavailable)
rElec  .         rRot     .     (no cloak)
SustAb . .       Spirit   .     (no gloves)
rMut   .         Warding  .     (no boots)
Saprov . . .     Stasis   +     (no amulet)
                                p - +3,+6 ring of slaying
                                g - +4,+6 ring of slaying

@: very slow, somewhat resistant to hostile enchantments, fairly stealthy
A: permanent stasis, dig shafts and tunnels, four strong arms, poison weakness,
antennae 3, exoskeleton 1
a: Dig, Shaft Self, Bend Time, Renounce Religion


You were on level 9 of the Dungeon.
You worshipped Cheibriados.
Cheibriados was pleased with you.
You were not hungry.

You visited 2 branches of the dungeon, and saw 10 of its levels.

You collected 949 gold pieces.
You spent 175 gold pieces at shops.

Inventory:

Hand weapons
 b - a +1,+1 crossbow
 c - the +3,+3 Elemental Staff {rElec rF++ rC++ MR++ AC+5}
   (You found it on level 9 of the Dungeon)

   It affects your AC (+5).
   It greatly protects you from fire.
   It greatly protects you from cold.
   It insulates you from electricity.
   It affects your resistance to hostile enchantments.
 A - a +1,-1 great sword (weapon)
Missiles
 a - 6 needles of slowing
 e - 6 needles of confusion
 v - 12 poisoned needles
 R - a throwing net (quivered)
Armour
 d - a +0 leather armour
 y - a +0 scale mail
 C - a +0 shield (worn)
 P - the +4 leather armour of the Ego (worn) {Dex+4 Int+3 Dam+4}
   (You bought it in a shop on level 7 of the Dungeon)

   It affects your intelligence (+3).
   It affects your dexterity (+4).
   It affects your damage-dealing abilities (+4).
Magical devices
 w - a wand of magic darts (13)
 M - a wand of invisibility (5) {unknown}
Comestibles
 f - 4 bread rations
 k - a banana
 l - 3 chokos
 t - 11 grapes
 z - an apple
 F - 3 meat rations
 K - 2 cheeses
 L - a rambutan
 T - 15 strawberries
 U - 2 pears
 W - a honeycomb
 X - a royal jelly
Scrolls
 j - 2 scrolls of identify
 u - 7 scrolls of remove curse
 B - a scroll of enchant weapon I
 I - a scroll of fog
Jewellery
 g - a +4,+6 ring of slaying (left hand)
 p - a +3,+6 ring of slaying (right hand)
 H - a +3 ring of strength
 J - an uncursed ring of magical power
 Q - a +2 ring of protection {unknown}
Potions
 h - a potion of resistance
 i - a potion of magic {unknown}
 m - a potion of flight {unknown}
 n - a potion of agility
 o - a potion of brilliance {unknown}
 q - a potion of curing
 r - a potion of restore abilities {unknown}
 x - a potion of might {unknown}
 N - a potion of heal wounds {unknown}
 O - a potion of poison {unknown}
 S - a potion of confusion {unknown}
 V - a potion of lignification {unknown}
Books
 E - a book of Battle

   Spells                             Type                      Level
   Infusion                           Charms                       1
   Shroud of Golubria                 Charms/Translocation         2
   Song of Slaying                    Charms                       2
   Spectral Weapon                    Hexes/Charms                 3
   Regeneration                       Charms/Necromancy            3
 G - the Tome of Twisted Creation
   (You found it on level 8 of the Dungeon)

   Spells                             Type                      Level
   Blink                              Translocation                2
   Abjuration                         Summoning                    3
   Recall                             Summoning/Translocation      3
   Summon Ice Beast                   Ice/Summoning                4
   Controlled Blink                   Translocation                7
Magical staves
 Y - an uncursed staff of cold {unknown}
Miscellaneous
 D - a lantern of shadows


   Skills:
 + Level 3.5 Fighting
 + Level 4.9 Long Blades
 + Level 13.1 Crossbows
 + Level 0.4 Throwing
 + Level 5.6 Armour
 + Level 6.9 Dodging
 - Level 1.2 Stealth
 + Level 2.6 Shields
 * Level 2.9 Invocations


You had 10 spell levels left.
You didn't know any spells.

Dungeon Overview and Level Annotations

Branches:
Dungeon (9/16)             Temple (1/1) D:6
    Orc: D:9-12        Lair: D:8-11

Altars:
Ashenzari
Cheibriados
Elyvilon
Fedhas
Kikubaaqudgha
Makhleb
Nemelex Xobeh
Okawaru
Sif Muna
Trog
Vehumet
Xom
Yredelemnul
Zin
the Shining One

Shops:
D:7 [   D:8 (


Innate Abilities, Weirdness & Mutations

Your are under a permanent stasis effect.
You can dig through walls and to a lower floor.
Your four strong arms can wield any weapon, most with a shield.
You are susceptible to poison.
You have a pair of large antennae on your head (SInv).
Your body is surrounded by an exoskeleton. (HP +5, AC +1)


Message History

The two-headed ogre barely misses you. You block the two-headed ogre's attack.
You hit the ogre mage.
The ogre mage is almost dead.
The ogre mage mumbles some strange words.
The ogre mage looks slightly unstable.
The two-headed ogre barely misses you. You block the two-headed ogre's attack.
The ogre mage hits you.
* * * LOW HITPOINT WARNING * * *
You block the two-headed ogre's attack.
The two-headed ogre hits you with a giant club.
* * * LOW HITPOINT WARNING * * *
Drink which item? (? for menu, Esc to quit)
You feel better. The ogre mage hits you!
* * * LOW HITPOINT WARNING * * *
The two-headed ogre hits you with a giant club.
* * * LOW HITPOINT WARNING * * *
You block the two-headed ogre's attack.
Drink which item? (? for menu, Esc to quit)
You feel better. The ogre mage misses you.
The two-headed ogre hits you with a giant club!
You die...

{{
##....###......##.#..
{{{
#{(....##.....)##.#..
{{
{#(((..)#....<.##.#..
### {
##...###.))...##.#..
..#####
##.####.####.##.#..
......#
#####).#))..........#..
..#####
#...'.#.###.#......####
..# #...##O##
#........#
..#########...#O@#
###......#
.........##>..##)#
#......#
..##############.#
#......#### ..#
#.#########....... ###
#...........#.#.#.
#....####.#....... #
#....# #.#.#.#.#. #
#....# #.#....... #
#....# #.#.#.#.#.


You could see an ogre mage and a two-headed ogre.

Vanquished Creatures
  Pikel (D:5)
  5 two-headed ogres (D:9)
  A wyvern (D:8)
  A human (D:9)
  2 hippogriffs
  Edmund (D:5)
  A necrophage (D:7)
  6 ice beasts
  A black bear (D:6)
  A phantom (D:6)
  2 dwarves (D:9)
  4 orc warriors
  A naga (D:9)
  2 sky beasts
  A yellow wasp (D:9)
  5 centaurs
  18 ogres
  Sigmund (D:6)
  7 giant frogs
  A manticore zombie (D:9)
  A water moccasin (D:5)
  The ghost of KINGBONG the Chopper, a weakling HOBe of Trog (D:3)
  5 killer bees (D:8)
  4 jellies
  5 wights (D:7)
  A quasit (D:8)
  8 crimson imps
  4 goliath beetles
  4 orc priests
  5 hounds
  7 orc wizards
  An iguana (D:5)
  2 scorpions
  6 worker ants
  An ogre zombie (D:7)
  A worker ant zombie (D:8)
  A spectral human (D:6)
  A giant centipede (D:8)
  11 gnolls
  17 adders
  3 worms
  A giant eyeball (D:7)
  3 iguana skeletons
  4 giant geckos
  An ooze (D:3)
  16 orcs
  17 bats
  A bat zombie (D:6)
  3 giant cockroaches
  16 goblins
  12 hobgoblins
  12 jackals
  5 giant newts
  A giant spore (D:6)
  A hobgoblin zombie (D:7)
  13 kobolds
  A quokka (D:7)
  21 rats
  A rat zombie (D:5)
  A ballistomycete (D:6)
281 creatures vanquished.

Vanquished Creatures (others)
  A scorpion (D:5)
  A giant gecko (D:5)
  A bat zombie (D:5)
  A hobgoblin (D:5)
  A rat (D:6)
5 creatures vanquished.

Grand Total: 286 creatures vanquished

Notes
Turn   | Place    | Note
--------------------------------------------------------------
     0 | D:1      | Piginabag, the Formicid Hunter, began the quest for the Orb.
     0 | D:1      | Reached XP level 1. HP: 17/17 MP: 1/1
    12 | D:1      | Reached XP level 2. HP: 21/21 MP: 2/2
   249 | D:1      | Reached XP level 3. HP: 25/25 MP: 3/3
   579 | D:2      | Reached skill level 5 in Crossbows
   592 | D:2      | Reached XP level 4. HP: 24/30 MP: 4/4
   762 | D:2      | Reached XP level 5. HP: 24/34 MP: 5/5
  1088 | D:2      | Reached skill level 1 in Armour
  1354 | D:3      | Noticed KINGBONG's ghost (weakling HOBe)
  1377 | D:3      | Killed KINGBONG's ghost
  1377 | D:3      | Reached skill level 6 in Crossbows
  1377 | D:3      | Reached XP level 6. HP: 5/39 MP: 6/6
  2628 | D:4      | Reached XP level 7. HP: 43/43 MP: 7/7
  2634 | D:4      | Found a deep blue altar of Sif Muna.
  2650 | D:4      | Reached skill level 7 in Crossbows
  2850 | D:5      | Entered Level 5 of the Dungeon
  2873 | D:5      | Noticed Edmund
  2877 | D:5      | Killed Edmund
  2893 | D:5      | Reached XP level 8. HP: 30/48 MP: 8/8
  3001 | D:5      | Reached skill level 8 in Crossbows
  3165 | D:5      | You fall through a shaft for 3 floors!
  3207 | D:8      | Reached skill level 9 in Crossbows
  3413 | D:7      | Reached XP level 9. HP: 41/52 MP: 9/9
  3493 | D:8      | Reached skill level 10 in Crossbows
  3514 | D:8      | Found a basalt altar of Yredelemnul.
  3586 | D:8      | Noticed a wyvern
  3656 | D:8      | Killed a wyvern
  3856 | D:8      | Reached skill level 11 in Crossbows
  3892 | D:8      | Identified the Tome of Twisted Creation
  3961 | D:8      | Reached XP level 10. HP: 37/57 MP: 10/10
  4384 | D:8      | Found Cuaza's Weapon Shop.
  4888 | D:7      | Found Simpuaci's Antique Armour Shop.
  4900 | D:7      | Bought a warped leather armour for 175 gold pieces
  4901 | D:7      | Identified the +4 leather armour of the Ego {Dex+4 Int+3 Dam+4} (You bought it in a shop on level 7 of the Dungeon)
  4951 | D:6      | Reached skill level 12 in Crossbows
  4961 | D:6      | Found a white marble altar of Elyvilon.
  5219 | D:5      | Reached skill level 1 in Long Blades
  5280 | D:5      | Reached skill level 5 in Dodging
  5282 | D:5      | Reached skill level 5 in Armour
  5290 | D:5      | Noticed Pikel
  5295 | D:5      | Killed Pikel
  5504 | D:5      | Noticed a hippogriff
  5511 | D:5      | Killed a hippogriff
  5821 | D:6      | Found a basalt altar of Yredelemnul.
  5912 | D:6      | Reached XP level 11. HP: 62/62 MP: 11/11
  5922 | D:6      | Noticed Sigmund
  5928 | D:6      | Killed Sigmund
  6163 | D:6      | Found a staircase to the Ecumenical Temple.
  6169 | Temple   | Entered the Ecumenical Temple
  6550 | Temple   | Became a worshipper of Cheibriados the Contemplative
  6914 | D:7      | HP: 2/63 [wight/glowing short sword (3)]
  7253 | D:7      | Reached skill level 13 in Crossbows
  7598 | D:9      | Found a blossoming altar of Fedhas.
  7753 | D:9      | Found an iron altar of Okawaru.
  7766 | D:9      | Reached skill level 1 in Shields
  8250 | D:9      | Reached skill level 1 in Invocations
  8735 | D:9      | Noticed an ogre mage
  9122 | D:9      | Slain by a two-headed ogre

Action                   |  1- 3 |  4- 6 |  7- 9 | 10-12 || total
-------------------------+-------+-------+-------+-------++-------
Melee: Great sword       |       |       |     2 |   246 ||   248
 Fire: Crossbow          |    45 |   111 |   126 |   105 ||   387
Throw: Throwing net      |       |       |     2 |       ||     2
Invok: Bend Time         |       |       |       |     1 ||     1
 Abil: Dig               |       |       |     1 |     1 ||     2
       Shaft Self        |       |       |     1 |       ||     1
  Use: Scroll            |       |     9 |     2 |    12 ||    23
       Potion            |       |       |     2 |     7 ||     9
 Stab: Sleeping          |       |       |       |     2 ||     2
